 Dungeon Crawl Stone Soup version 0.26.1-11-gd32895ea62 (webtiles) character file.

Game seed: 14700589714389175970

275 Almogavar the Chopper (level 6, -5/53 HPs)
             Began as a Hill Orc Fighter on July 5, 2021.
             Slain by a gnoll shaman
             ... wielding a +0 whip
              (10 damage)
             ... on level 4 of the Dungeon.
             The game lasted 00:06:49 (2250 turns).

Almogavar the Chopper (Hill Orc Fighter)            Turns: 2250, Time: 00:06:49

Health: -5/53      AC:  7    Str: 21    XL:     6   Next: 25%
Magic:  6/6        EV:  7    Int:  8    God:
Gold:   124        SH:  9    Dex: 10    Spells: 5/5 levels left

rFire    . . .     SeeInvis .   a - +0 war axe
rCold    . . .     Faith    .   c - +0 kite shield
rNeg     . . .     Spirit   .   b - +0 scale mail
rPois    .         Reflect  .   (no helmet)
rElec    .         Harm     .   (no cloak)
rCorr    .         Rampage  .   (no gloves)
Will     .....                  (no boots)
Stlth    ..........             (no amulet)
HPRegen  0.17/turn              (no ring)
MPRegen  0.10/turn              (no ring)

@: no status effects
A: no striking features
a: no special abilities


You were on level 4 of the Dungeon.
You visited 1 branch of the dungeon, and saw 4 of its levels.

You collected 124 gold pieces.

Inventory:

Hand Weapons
 a - a +0 war axe (weapon)
 g - a +0 hunting sling
 u - a +2 whip of flaming
Missiles
 e - 84 stones (quivered)
 j - 55 sling bullets
Armour
 b - a +0 scale mail (worn)
 c - a +0 kite shield (worn)
 t - a +0 chain mail
Wands
 m - a wand of random effects (21)
Scrolls
 f - a scroll of blinking {unknown}
 h - a scroll of teleportation {unknown}
 k - 2 scrolls of magic mapping {unknown}
 o - 2 scrolls of identify {unknown}
 q - a scroll of noise {unknown}
 r - a scroll of random uselessness {unknown}
Potions
 d - a potion of might
 i - a potion of cancellation {unknown}
 l - a potion of heal wounds {unknown}
 n - a potion of experience {unknown}
 p - 2 potions of lignification {unknown}
 s - 2 potions of degeneration {unknown}


   Skills:
 + Level 4.7 Fighting
 + Level 6.0 Axes
 + Level 4.0 Armour
 + Level 0.6 Dodging
 + Level 4.4 Shields


You had 5 spell levels left.
You didn't know any spells.
Your spell library was empty.

Dungeon Overview and Level Annotations

Branches:
Dungeon (4/15)
 Temple: D:4-7

Altars:


Message History

The gnoll shaman hits you with a +0 whip.
You block the gnoll's attack.
The gnoll shaman hits you but does no damage.
You barely miss the gnoll shaman.
The gnoll shaman is severely wounded.
The gnoll hits you from afar with a +0 spear.
You block the gnoll's attack.
The gnoll shaman hits you with a +0 whip!
* * * LOW HITPOINT WARNING * * *
You barely miss the gnoll shaman.
The gnoll shaman is severely wounded.
The gnoll hits you from afar with a +0 spear.
* * * LOW HITPOINT WARNING * * *
The gnoll shaman prays to its god.
The gnoll shaman is healed somewhat.
You block the gnoll's attack.
You closely miss the gnoll shaman.
The gnoll shaman is moderately wounded.
The gnoll completely misses you.
The gnoll shaman hits you with a +0 whip!
You die...

######### #...[...#
#.......# #.......#
###. #.......# g....
#.......######gg...#
#..........)@gog.#
######'#######o#.#
#.# .. ####.# .#
#....# #
#########.##
........<.#
########### <.......


You could see a gnoll shaman, 4 gnolls and 2 orcs.

Vanquished Creatures
  3 orc wizards (D:4)
  An orc priest (D:3)
  Jessica (D:2)
  3 adders
  An ooze (D:3)
  5 worms
  2 dart slugs
  3 leopard geckos
  6 orcs
  7 bats
  3 giant cockroaches
  7 goblins
  7 hobgoblins
  9 jackals
  3 quokkas
  2 ball pythons (D:3)
  4 frilled lizards
  5 kobolds
  10 rats
82 creatures vanquished.

Vanquished Creatures (others)
  4 plants (D:2)
4 creatures vanquished.

Grand Total: 86 creatures vanquished

Notes
Turn   | Place    | Note
-------+----------+-------------------------------------------
     0 | D:1      | Almogavar the Hill Orc Fighter began the quest for the Orb.
     0 | D:1      | Reached XP level 1. HP: 19/19 MP: 1/1
    75 | D:1      | Reached skill level 3 in Axes
    75 | D:1      | Reached XP level 2. HP: 17/27 MP: 2/2
   354 | D:1      | Reached XP level 3. HP: 33/33 MP: 3/3
   825 | D:2      | Noticed Jessica
   832 | D:2      | Killed Jessica
   833 | D:2      | Reached skill level 4 in Axes
   833 | D:2      | Reached XP level 4. HP: 36/40 MP: 4/4
  1636 | D:3      | Reached XP level 5. HP: 45/46 MP: 5/5
  1694 | D:3      | Reached skill level 5 in Axes
  2231 | D:4      | Reached XP level 6. HP: 35/53 MP: 6/6
  2238 | D:4      | Reached skill level 6 in Axes
  2250 | D:4      | Slain by a gnoll shaman

Illustrated notes

Levels and vault maps discovered:
D:1:      lightli_arrival_windingriver, layout_rooms
D:2:      layout_basic, chequers_avenue, serial_bayou_lagoon_b, uniq_jessica
D:3:      layout_rooms
D:4:      layout_basic, grunt_temple_overflow_diamond, serial_shops, shop,
          shop_fountains

Skill      XL: |  1  2  3  4  5  6 |
---------------+-------------------+-----
Axes           | 3 4 5 6 |  6.0
Fighting       | 4 |  4.7
Shields        | 4 |  4.4
Armour         | 4 |  4.0
Dodging        | |  0.6

Action                   |  1- 3 |  4- 6 || total
-------------------------+-------+-------++-------
Melee: War axe           |    58 |   151 ||   209
Armor: Scale mail        |    11 |    67 ||    78
Dodge: Dodged            |    16 |    39 ||    55
Block: Kite shield       |    36 |    86 ||   122
